 Dungeon Crawl Stone Soup version 0.32-a0-893-gf85d74f360 (webtiles) character file.

Game seed: 11349880816393685243

231 PriceMaster the Gusty (level 6, -5/32 HPs)
             Began as a Tengu Air Elementalist on Apr 3, 2024.
             Killed by divine providence
             ... invoked by an orc priest
              (14 damage)
             ... on level 3 of the Dungeon.
             The game lasted 00:03:11 (2352 turns).

PriceMaster the Gusty (Tengu Air Elementalist)      Turns: 2352, Time: 00:03:11

Health: -5/32      AC:  3    Str:  8    XL:     6   Next: 3%
Magic:  3/12       EV: 11    Int: 18    God:
Gold:   114        SH:  0    Dex: 14    Spells: 6/12 levels left

rFire   . . .        h - +0 spear
rCold   . . .        (no shield)
rNeg    . . .        a - +0 robe
rPois   .            (helmet restricted)
rElec   .            k - scarf {harm}
rCorr   .            d - +0 pair of gloves
SInv    .            (boots unavailable)
Will    +....        (no amulet)
Stlth   ++           (no ring)
HPRegen 0.25/turn    (no ring)
MPRegen 0.13/turn

%: harm (+30% outgoing, +20% incoming), acrobat
@: enlightened, flying, very slightly contaminated
A: beak, talons 3, acrobatic
a: Convert to Beogh


You were on level 3 of the Dungeon.
You visited 1 branch of the dungeon, and saw 3 of its levels.

You collected 114 gold pieces.

Inventory:

Hand Weapons
 b - a +0 dagger
 g - a +0 falchion
 h - a +0 spear (weapon)
Armour
 a - a +0 robe (worn)
 d - a +0 pair of gloves (worn)
 k - a scarf of harm (worn)
Jewellery
 j - a ring of flight
Scrolls
 e - a scroll of teleportation {unknown}
 f - a scroll of identify {unknown}
 l - a scroll of vulnerability {unknown}
 m - a scroll of silence {unknown}
 o - a scroll of fear {unknown}
Potions
 c - a potion of attraction
 i - a potion of magic


   Skills:
 + Level 0.3 Polearms
 + Level 2.7 Dodging
 + Level 2.2 Stealth
 + Level 1.5 Unarmed Combat
 * Level 3.5 Spellcasting
 * Level 3.4 Conjurations
 * Level 5.7 Air Magic


You had 6 spell levels left.
You knew the following spells:

 Your Spells              Type           Power      Damage    Failure   Level
a - Shock                 Conj/Air       76%        1d7       2%          1
b - Static Discharge      Conj/Air       38%        3-5/arc   3%          2
c - Swiftness             Air            23%        N/A       4%          3

Your spell library contained the following spells:

 Spells                   Type           Power      Damage    Failure   Level
 Airstrike                Air            11%        2d(2-18)  14%         4


Dungeon Overview and Level Annotations

Branches:
Dungeon (3/15)

Altars:
Zin


Innate Abilities, Weirdness & Mutations

You have a beak for a mouth.
You have claws for feet.
You can magically evade attacks while moving or waiting.


Message History

Beogh smites you!
* * * LOW HITPOINT WARNING * * *
The orc priest shouts, "Surrender to Beogh and we'll let you live!" (press Y on the ability menu to convert to Beogh)
You are too injured to fight recklessly!
You are too injured to fight recklessly!
It was a potion of enlightenment.
You feel very buoyant.
You fly up into the air.
Casting: Shock (safe; 2% risk of failure)
Confirm with . or Enter, or press ? or * to list all spells.
Aiming: Shock (safe; 2% risk of failure)
Press: ? - help, Shift-Dir - straight line, f/p - orc wizard
Aim: an orc wizard, wielding a +1 dagger of venom and wearing a +0 robe (moderately wounded, 64% to hit)
The zap hits the orc wizard.
The orc wizard is severely wounded.
The zap hits the orc.
You kill the orc!
The zap hits the orc priest but does no damage.
Casting: Shock (safe; 2% risk of failure)
Confirm with . or Enter, or press ? or * to list all spells.
Okay, then.
Casting: Swiftness (quite dangerous; 4% risk of failure)
Confirm with . or Enter, or press ? or * to list all spells.
The orc wizard is struck by an arc of lightning.
You kill the orc wizard!
You are struck by an arc of lightning.
* * * LOW HITPOINT WARNING * * *
You have reached level 6!
Casting: Static Discharge (safe; 3% risk of failure)
Confirm with . or Enter, or press ? or * to list all spells.
Aiming: Shock (safe; 2% risk of failure)
Press: ? - help, Shift-Dir - straight line, f - orc
Aim: an orc, wielding a +0 club (71% to hit)
The zap hits the orc.
The orc is almost dead.
The zap misses the orc priest.
The orc priest invokes the aid of Beogh against you.
Beogh smites you!
You die...

##########
######........#
..))##.######.#
###.#...#####.####
#......#.......#
#.#...##.##.##.#
#..>.....##.##.#
####.######.##@#
#.. ..##)# ##
##+## ####o# .#
##...## #)#
.###.....## .o.
.##.......## ..)
.#.........# ...
.'.........+ .....
.#.........#


You could see an orc priest and an orc.

Vanquished Creatures
  A bombardier beetle (D:3)
  Jessica (D:2)
  An orc wizard (D:3)
  4 gnolls (D:3)
  6 adders
  3 orcs (D:3)
  2 bats (D:1)
  5 endoplasms
  A giant cockroach (D:2)
  7 goblins
  A hobgoblin (D:3)
  3 quokkas
  6 ball pythons
  4 frilled lizards
  9 kobolds
  3 rats
57 creatures vanquished.

Notes
Turn   | Place    | Note
-------+----------+-------------------------------------------
     0 | D:1      | PriceMaster the Tengu Air Elementalist began the quest for
                  | the Orb.
     0 | D:1      | Reached XP level 1. HP: 10/10 MP: 4/4
   325 | D:1      | Reached XP level 2. HP: 15/15 MP: 0/6
   953 | D:2      | Reached XP level 3. HP: 19/19 MP: 2/7
  1010 | D:2      | Learned a level 2 spell: Static Discharge
  1014 | D:2      | Learned a level 3 spell: Swiftness
  1265 | D:2      | Reached XP level 4. HP: 24/24 MP: 6/9
  1299 | D:2      | Found a faded altar of an unknown god.
  1324 | D:2      | Noticed Jessica
  1328 | D:2      | Killed Jessica
  1329 | D:2      | Reached skill level 1 in Unarmed Combat
  1432 | D:2      | Reached skill level 5 in Air Magic
  1675 | D:3      | Reached XP level 5. HP: 28/28 MP: 2/10
  1981 | D:3      | Found a glowing silver altar of Zin.
  2352 | D:3      | Reached XP level 6. HP: 9/32 MP: 3/12
  2352 | D:3      | Killed from afar by an orc priest

Illustrated notes

Levels and vault maps discovered:
D:1:      matt_arrival_spirals, layout_rooms, minmay_three_crescents
D:2:      layout_loops_ring, dreamdust_ecumenical_altar_grove, uniq_jessica
D:3:      layout_loops_corners, marbit_many_paths, zin_treasury, serial_bayou,
          serial_bayou_pond_e, serial_bayou_shore_b, serial_bayou_pond_b,
          serial_bayou_shore_b

Skill      XL: |  1  2  3  4 |
---------------+-------------+-----
Conjurations   | 2 3 |  3.4
Unarmed Combat | 1 |  1.5
Air Magic      | 5 |  5.7
Spellcasting   | 3 |  3.5
Polearms       | |  0.3
Dodging        | |  2.7
Stealth        | |  2.2

Action                     |  1- 3 |  4- 6 || total
---------------------------+-------+-------++-------
  Melee: Unarmed           |    13 |       ||    13
         Kick              |     3 |     5 ||     8
         Spear             |     5 |    26 ||    31
         Peck              |     1 |     3 ||     4
   Cast: Shock             |    50 |    29 ||    79
         Static Discharge  |     4 |     7 ||    11
         Swiftness         |       |     1 ||     1
    Use: Potion            |     1 |     2 ||     3
         Scroll            |     1 |       ||     1
   Stab: Sleeping          |       |     1 ||     1
 Armour: Robe              |    37 |    18 ||    55
  Dodge: Dodged            |    47 |    13 ||    60

Table legend: (Time is in decaauts)
 A = Elapsed time spent in this place.
 B = Non-inter-level travel time spent in this place.
 C = Inter-level travel time spent in this place.
 D = Time resting spent in this place.
 E = Time spent auto-exploring this place.
 F = Levels seen in this place.
 G = Mean time per level.
                   A        B        C        D        E       F      G
               +--------+--------+--------+--------+--------+-----+--------+
         Total |   2354 |   2338 |     16 |      0 |   2001 |   3 |  784.7 |
       Dungeon |   2354 |   2338 |     16 |      0 |   2001 |   3 |  784.7 |
               +--------+--------+--------+--------+--------+-----+--------+

Top non-repeatable levels by time:
     D:1: 869 daAuts
     D:2: 799 daAuts
     D:3: 686 daAuts
